 Dungeon Sprint DCSS version 0.21.0 (webtiles) character file.

14009 wojtek the Severer (level 11, -4/171 HPs)
             Began as a Minotaur Berserker on Jan 7, 2018.
             Was a High Priest of Trog.
             Slain by a vampire mage
             ... wielding the +8 spear of Dihosor {speed, *Noise rPois Str+3}
              (7 damage)
             ... in the Dungeon (Sprint VII: "The Pits") on Jan 8, 2018.
             The game lasted 00:09:16 (2746 turns).

wojtek the Severer (Minotaur Berserker)             Turns: 2746, Time: 00:09:17

Health: -4/171     AC: 20    Str: 31    XL:     11   Next: 83%
Magic:  3/3        EV: 17    Int:  4    God:    Trog [*****.]
Gold:   0          SH:  0    Dex: 15    Spells: 10/10 levels left

rFire    . . .     SeeInvis .   z - +3 executioner's axe (antimagic)
rCold    . . .     Gourm    .   (shield currently unavailable)
rNeg     . . .     Faith    .   n - +2 plate armour
rPois    .         Spirit   .   (helmet restricted)
rElec    .         Reflect  .   (no cloak)
rCorr    .         Harm     .   s - +0 pair of gloves
MR       .....     NoTele   +   (no boots)
Stlth    ..........             (no amulet)
HPRegen  0.38/turn              o - +3 ring of dexterity
MPRegen  0.08/turn              p - +3 ring of dexterity

@: berserking, very quick
A: retaliatory headbutt, horns 2
a: Berserk, Trog's Hand, Brothers in Arms, Burn Spellbooks, Renounce Religion


You were in the Dungeon.
You worshipped Trog.
Trog was extremely pleased with you.
You were hungry.

You visited 1 branch

Inventory:

Hand Weapons
 a - a +2 battleaxe of freezing
 b - a +1 broad axe of venom
 j - a +5 battleaxe of flaming
 u - a +2 war axe of freezing
 x - a +1 hand axe of freezing
 y - a +1 executioner's axe of chopping
 z - a +3 antimagic executioner's axe (weapon)
Armour
 n - a +2 plate armour (worn)
 s - a +0 pair of gloves (worn)
 t - a +4 scale mail
Jewellery
 o - a +3 ring of dexterity (left hand)
 p - a +3 ring of dexterity (right hand)
Scrolls
 i - a scroll of blinking
 l - 3 scrolls of remove curse
 m - a scroll of summoning
Potions
 d - 7 potions of curing
 e - 9 potions of heal wounds
 f - a potion of haste
 g - 4 potions of magic
 h - 3 potions of berserk rage
 k - 2 potions of invisibility
 q - a potion of agility
 r - 2 potions of mutation
 v - a potion of brilliance
 w - a potion of might
Comestibles
 c - 8 rations


   Skills:
 + Level 15.8 Fighting
 * Level 20.9 Axes
 + Level 15.7 Armour
 + Level 14.5 Dodging


You had 10 spell levels left.
You didn't know any spells.

Dungeon Overview and Level Annotations

Branches:
Dungeon (1/1)

Altars:
Ashenzari
Cheibriados
Dithmenos
Elyvilon
Fedhas
Gozag
Hepliaklqana
Kikubaaqudgha
Makhleb
Nemelex Xobeh
Okawaru
Qazlal
Ru
Sif Muna
Trog
Uskayaw
Vehumet
Wu Jian
Xom
Yredelemnul
Zin
The Shining One
Beogh
Jiyva
Lugonu


Innate Abilities, Weirdness & Mutations

You reflexively headbutt those who attack you in melee.
You have a pair of horns on your head.


Message History

You feel yourself moving faster!
You feel mighty!
You are feeling hungry.
Your ogre hits the alligator snapping turtle with a giant club.
The alligator snapping turtle bites you!!
* * * LOW HITPOINT WARNING * * *
The vampire mage casts a spell.
The vampire mage flickers and vanishes!
Deactivating autopickup; reactivate with Ctrl-A.
Your ogre hits the alligator snapping turtle with a giant club!
You slash the alligator snapping turtle!
You headbutt the alligator snapping turtle.
The alligator snapping turtle is heavily wounded.
The alligator snapping turtle bites you!
* * * LOW HITPOINT WARNING * * *
Unknown command.
You hit the alligator snapping turtle but do no damage.
The alligator snapping turtle is heavily wounded.
Your ogre hits the alligator snapping turtle with a giant club!!
Something hits you!
You die...

#..################
#########..................
______.##..................
______.###########''######
____...###########''######
######'##................#
.')))'.##......#.O#......#
######.##.......t.{......+
........'.......@........+
###'#####......#..#......#
.#..#..##................#
.'..#))#####'#####''######
.####))##.......##''#############
.#..#))##.......##......#...+....
.#..#[[##.......##....###...###..
'#..#'###...<...##...##.'...+.##.
.......##.......##).##..##'##..##


You could see an alligator snapping turtle and a friendly ogre (berserk).

Vanquished Creatures
  An emperor scorpion (D)
  A merfolk javelineer (D)
  A merfolk avatar (D)
  A death yak (D)
  An orc high priest (D)
  A sea snake (D)
  A flayed ghost (D)
  A necromancer (D)
  A black mamba (D)
  An elephant (D)
  An eye of devastation (D)
  A gargoyle (D)
  A spiny frog (D)
  A rime drake (D)
  An ice devil (D)
  A komodo dragon (D)
  A troll (D)
  A merfolk (D)
  A wind drake (D)
  A polar bear (D)
  A tyrant leech (D)
  A bog body (D)
  A wandering mushroom (D)
  A vampire (D)
  A large abomination (D)
  A yak (D)
  A fire bat (D)
  A steam dragon (D)
  A soldier ant (D)
  2 wargs (D)
  A floating eye (D)
  2 orc warriors (D)
  3 black bears (D)
  3 ice beasts (D)
  A necrophage (D)
  A wolf (D)
  A small abomination (D)
  A big kobold (D)
  A scorpion (D)
  4 wights (D)
  4 killer bees (D)
  A quasit (D)
  A gnoll shaman (D)
  An iron imp (D)
  A hell rat (D)
  A worker ant (D)
  5 gnolls (D)
  2 river rats (D)
  An ooze (D)
  An adder zombie (D)
  2 orcs (D)
  A ball python (D)
  A bat skeleton (D)
  A goblin (D)
  A hobgoblin (D)
  7 jackals (D)
  A kobold (D)
  3 quokkas (D)
  A bat (D)
  A giant cockroach zombie (D)
  A jackal zombie (D)
87 creatures vanquished.

Vanquished Creatures (collateral kills)
  A war gargoyle (D)
  A purple draconian (D)
  A hydra (D)
  A guardian mummy (D)
  A demonic crawler (D)
  A merfolk (D)
  4 yaks (D)
  2 killer bees (D)
  An iron imp (D)
  A quokka (D)
14 creatures vanquished.

Grand Total: 101 creatures vanquished

Notes
Turn   | Place    | Note
-------+----------+-------------------------------------------
     0 | D        | wojtek the Minotaur Berserker began the quest for the Orb.
     0 | D        | Reached XP level 1. HP: 19/19 MP: 0/0
    27 | D        | Noticed a worker ant
    36 | D        | Killed a worker ant
    36 | D        | Reached skill level 5 in Axes
    36 | D        | Reached XP level 2. HP: 17/28 MP: 1/1
   287 | D        | Reached ** piety under Trog
   289 | D        | Reached XP level 3. HP: 27/35 MP: 2/2
   363 | D        | Reached *** piety under Trog
   367 | D        | Reached skill level 6 in Axes
   375 | D        | Reached skill level 5 in Fighting
   524 | D        | Reached **** piety under Trog
   620 | D        | Found a bloodstained altar of Trog.
   620 | D        | Found a deep blue altar of Sif Muna.
   620 | D        | Found a viscous altar of Jiyva.
   620 | D        | Found a hazy altar of Hepliaklqana.
   620 | D        | Found an opulent altar of Gozag.
   621 | D        | Found a glowing golden altar of the Shining One.
   621 | D        | Found a glowing silver altar of Zin.
   621 | D        | Found a basalt altar of Yredelemnul.
   621 | D        | Found a shimmering altar of Xom.
   621 | D        | Found an ornate altar of the Wu Jian Council.
   621 | D        | Found a sacrificial altar of Ru.
   621 | D        | Found a stormy altar of Qazlal.
   621 | D        | Found an iron altar of Okawaru.
   621 | D        | Found a sparkling altar of Nemelex Xobeh.
   621 | D        | Found a burning altar of Makhleb.
   621 | D        | Found a blossoming altar of Fedhas.
   621 | D        | Found a white marble altar of Elyvilon.
   621 | D        | Found a shadowy altar of Dithmenos.
   621 | D        | Found a snail-covered altar of Cheibriados.
   622 | D        | Found a radiant altar of Vehumet.
   622 | D        | Found a corrupted altar of Lugonu.
   622 | D        | Found a roughly hewn altar of Beogh.
   623 | D        | Found an ancient bone altar of Kikubaaqudgha.
   623 | D        | Found a hide-covered altar of Uskayaw.
   623 | D        | Found a shattered altar of Ashenzari.
   654 | D        | Noticed an ice beast
   654 | D        | Noticed a black bear
   665 | D        | Killed an ice beast
   665 | D        | Reached skill level 8 in Axes
   665 | D        | Reached skill level 5 in Armour
   665 | D        | Reached skill level 5 in Dodging
   665 | D        | Reached XP level 4. HP: 45/45 MP: 3/3
   665 | D        | Reached XP level 5. HP: 51/51 MP: 4/4
   668 | D        | Killed a black bear
   668 | D        | Reached ***** piety under Trog
   668 | D        | Reached skill level 9 in Axes
   682 | D        | Noticed a black bear
   688 | D        | Killed a black bear
   688 | D        | Reached skill level 10 in Axes
   688 | D        | Reached XP level 6. HP: 56/61 MP: 5/5
   720 | D        | Reached skill level 11 in Axes
   724 | D        | Noticed an orc warrior
   737 | D        | Killed an orc warrior
   737 | D        | Received a gift from Trog
   737 | D        | Reached XP level 7. HP: 23/69 MP: 6/6
   977 | D        | Reached skill level 12 in Axes
  1039 | D        | Reached skill level 13 in Axes
  1087 | D        | Noticed an orc high priest
  1087 | D        | Noticed a steam dragon
  1096 | D        | Reached skill level 10 in Fighting
  1100 | D        | Reached XP level 8. HP: 79/79 MP: 7/7
  1102 | D        | Received a gift from Trog
  1106 | D        | Killed an orc high priest
  1106 | D        | Reached skill level 14 in Axes
  1106 | D        | Reached skill level 10 in Armour
  1113 | D        | Reached skill level 10 in Dodging
  1260 | D        | Noticed a rime drake
  1267 | D        | Killed a rime drake
  1267 | D        | Reached skill level 15 in Axes
  1267 | D        | Reached XP level 9. HP: 84/89 MP: 8/8
  1278 | D        | Noticed a flayed ghost
  1287 | D        | Killed a flayed ghost
  1287 | D        | Reached skill level 16 in Axes
  1383 | D        | Noticed a wandering mushroom
  1391 | D        | Reached ****** piety under Trog
  1391 | D        | Received a gift from Trog
  1392 | D        | Noticed a gargoyle
  1404 | D        | Killed a gargoyle
  1408 | D        | Noticed a wind drake
  1419 | D        | Killed a wind drake
  1421 | D        | Reached XP level 10. HP: 28/100 MP: 9/9
  1424 | D        | Reached skill level 17 in Axes
  1445 | D        | Received a gift from Trog
  1583 | D        | Noticed a death yak
  1769 | D        | Killed a death yak
  1783 | D        | Received a gift from Trog
  1788 | D        | Reached skill level 18 in Axes
  1795 | D        | Received a gift from Trog
  1796 | D        | Noticed a spiny frog
  1796 | D        | Noticed a six-headed hydra
  1806 | D        | Killed a seven-headed hydra
  1808 | D        | Killed a spiny frog
  2138 | D        | Noticed an elephant
  2138 | D        | Received a gift from Trog
  2144 | D        | Noticed a sea snake
  2148 | D        | Killed an elephant
  2156 | D        | Received a gift from Trog
  2156 | D        | Reached XP level 11. HP: 57/110 MP: 3/10
  2159 | D        | Killed a sea snake
  2159 | D        | Reached skill level 19 in Axes
  2464 | D        | Noticed a necromancer
  2467 | D        | Killed a necromancer
  2467 | D        | Received a gift from Trog
  2662 | D        | Noticed an emperor scorpion
  2662 | D        | Noticed a merfolk avatar
  2663 | D        | Noticed a merfolk javelineer
  2679 | D        | Killed an emperor scorpion
  2679 | D        | Reached skill level 15 in Fighting
  2681 | D        | Noticed a purple draconian
  2683 | D        | Noticed a war gargoyle
  2684 | D        | Killed a merfolk avatar
  2684 | D        | Reached skill level 20 in Axes
  2684 | D        | Reached skill level 15 in Armour
  2687 | D        | Killed a purple draconian
  2691 | D        | Killed a merfolk javelineer
  2691 | D        | Received a gift from Trog
  2695 | D        | Killed a war gargoyle
  2703 | D        | Noticed a vampire mage
  2703 | D        | Noticed a deep troll
  2705 | D        | Noticed an alligator snapping turtle
  2742 | D        | HP: 2/114 [alligator snapping turtle (34)]
  2746 | D        | Identified the +8 spear of Dihosor {speed, *Noise rPois Str+3}
  2746 | D        | Slain by a vampire mage

Skill      XL: |  1  2  3  4  5  6  7  8  9 10 11 |
---------------+----------------------------------+-----
Fighting       | 4 6 8 10 11 12 14 15 | 15.8
Axes           | 5 8 10 11 13 15 16 18 20 | 20.9
Armour         | 3 4 5 7 8 9 11 12 14 15 | 15.7
Dodging        | 3 5 6 7 9 10 11 13 14 | 14.5

Action                   |  1- 3 |  4- 6 |  7- 9 | 10-12 || total
-------------------------+-------+-------+-------+-------++-------
Melee: Hand axe          |    42 |    27 |    49 |       ||   118
       Headbutt          |     5 |     6 |    22 |    34 ||    67
       Battleaxe         |       |       |    35 |     4 ||    39
       Executioner's axe |       |       |       |   108 ||   108
Invok: Berserk           |       |       |     3 |     2 ||     5
       Brothers in Arms  |       |       |     1 |     7 ||     8
  Use: Potion            |       |       |       |     1 ||     1
 Stab: Distracted        |       |       |       |     3 ||     3
  Eat: Chunk             |       |       |     3 |     7 ||    10
       Ration            |       |       |       |     1 ||     1
Armor: Animal skin       |     4 |       |       |       ||     4
       Plate armour      |     3 |     9 |    26 |    56 ||    94
Dodge: Dodged            |    26 |    11 |    31 |   100 ||   168
